 Dungeon Crawl Stone Soup version 0.31.0-9-g3a7656b989 (webtiles) character file.

Game seed: 4978168500054619825

167 qw the Skirmisher (level 5, -1/29 HPs)
             Began as a Deep Elf Hunter on Feb 3, 2024.
             Slain by Terence
             ... wielding a +0 trident
              (2 damage)
             ... on level 3 of the Dungeon.
             The game lasted 00:01:28 (1520 turns).

qw the Skirmisher (Deep Elf Hunter)                 Turns: 1520, Time: 00:01:29

Health: -1/29      AC:  4    Str: 10    XL:     5   Next: 23%
Magic:  7/7        EV: 12    Int: 14    God:
Gold:   158        SH:  0    Dex: 18    Spells: 4/4 levels left

rFire   . . .        a - +0 shortbow
rCold   . . .        (shield currently unavailable)
rNeg    . . .        c - +0 leather armour
rPois   .            (no helmet)
rElec   .            (no cloak)
rCorr   .            (no gloves)
SInv    .            f - +0 pair of boots
Will    .....        (no amulet)
Stlth   ++           (no ring)
HPRegen 0.24/turn    (no ring)
MPRegen 0.10/turn

%: no passive effects
@: no status effects
A: no striking features
a: no special abilities


You were on level 3 of the Dungeon.
You visited 1 branch of the dungeon, and saw 3 of its levels.

You collected 158 gold pieces.


   Skills:
 - Level 1.5 Fighting
 + Level 8.7 Ranged Weapons
 - Level 2.4 Dodging
 - Level 1.2 Stealth


You had 4 spell levels left.
You didn't know any spells.
Your spell library was empty.

Inventory:

Hand Weapons
 a - a +0 shortbow (weapon)
Armour
 c - a +0 leather armour (worn)
 d - a +0 ring mail
 f - a +0 pair of boots (worn)
Scrolls
 b - a scroll of fear {unknown}
 g - a scroll of torment {unknown}
Potions
 e - a potion of curing
 j - a potion of might {unknown}

Dungeon Overview and Level Annotations

Branches:
Dungeon (3/15)

Altars:

Annotations:
D:2 Robin
D:3 Terence


Message History

You shoot an arrow. The arrow closely misses the rat.
The arrow hits Terence.
Terence is lightly wounded.
Terence completely misses you. The rat barely misses you.
You shoot an arrow. The arrow hits the rat.
You kill the rat!
Terence hits you from afar with a +0 trident.
You shoot an arrow. The arrow hits Terence.
Terence is moderately wounded.
Terence hits you from afar with a +0 trident.
You shoot an arrow. The arrow hits Terence.
Terence is heavily wounded.
You hear the rusting of a drain very nearby.
Terence hits you from afar with a +0 trident.
You shoot an arrow. The arrow barely misses Terence.
Terence barely misses you.
You shoot an arrow.
The arrow hits Terence but does no damage.
Terence is heavily wounded.
Terence barely misses you.
You shoot an arrow. The arrow hits Terence.
Terence is heavily wounded.
Terence shouts, "Get ready for death!"
Terence barely misses you.
You shoot an arrow. The arrow hits Terence.
Terence is severely wounded.
Terence closely misses you.
You shoot an arrow. The arrow hits Terence.
Terence is severely wounded.
Terence misses you.
You shoot an arrow. The arrow closely misses Terence.
Terence hits you from afar with a +0 trident!
You shoot an arrow.
The arrow hits Terence but does no damage.
Terence is severely wounded.
Terence hits you from afar with a +0 trident.
You shoot an arrow. The arrow hits Terence.
Terence is almost dead.
Terence hits you from afar with a +0 trident.
You die...
Terence says, "Time to find some more victims."

###.######......
#...##...#.........###..
...................#...#
.....<..................
........%...............
......................
................@...
#...#..........%$.# ...
#####..#........@##....
# #........##..))..... #
#.....##.....##)....
###.............## .)..
.##......###...#### )..
.........#.......... ..
.#####...#.......... .
.######......#..<....
.##..........>#######


You could see Terence.

Vanquished Creatures
  2 orc priests (D:3)
  Jessica (D:2)
  An adder (D:3)
  A dart slug (D:3)
  6 orcs (D:3)
  8 ball pythons
  2 endoplasms
  5 giant cockroaches
  8 goblins
  6 hobgoblins
  2 jackals (D:3)
  2 quokkas (D:1)
  2 bats
  5 frilled lizards
  4 kobolds
  7 rats
62 creatures vanquished.

Notes
Turn   | Place    | Note
-------+----------+-------------------------------------------
     0 | D:1      | qw the Deep Elf Hunter began the quest for the Orb.
     0 | D:1      | Reached XP level 1. HP: 12/12 MP: 3/3
     0 | D:1      | 0 ||| qw: Version: 0.3-a-155-g5e7d8dd
     0 | D:1      | 0 ||| qw: Game counter: 3027
     0 | D:1      | 0 ||| qw: Melee chars always use a shield: true
     0 | D:1      | 0 ||| qw: God list: Okawaru
     0 | D:1      | 0 ||| qw: Allow faded altars: false
     0 | D:1      | 0 ||| qw: Do Orc after clearing Dungeon:15 true
     0 | D:1      | 0 ||| qw: Do second Lair branch before Depths: true
     0 | D:1      | 0 ||| qw: Lair rune preference: random
     0 | D:1      | 0 ||| qw: Goals: Normal
     0 | D:1      | 0 ||| PLANNING D:1-11
   112 | D:1      | Reached skill level 6 in Ranged Weapons
   112 | D:1      | Reached XP level 2. HP: 16/16 MP: 4/4
   505 | D:1      | 505 ||| DROPPING ring of wizardry.
   506 | D:1      | 506 ||| READING scroll labelled EXAZOLE KAPTIZ.
   507 | D:1      | 507 ||| READING 2 scrolls labelled ESORUY IS UCEO.
   510 | D:1      | 510 ||| DROPPING scroll of butterflies.
   722 | D:2      | 722 ||| RETREEEEATING.
   723 | D:2      | Noticed Robin
   725 | D:2      | 725 ||| RETREEEEATING.
   725 | D:2      | Found a faded altar of an unknown god.
   727 | D:2      | 727 ||| RETREEEEATING.
   728 | D:2      | 728 ||| RETREEEEATING.
   729 | D:2      | 729 ||| RETREEEEATING.
   730 | D:2      | 730 ||| RETREEEEATING.
   731 | D:2      | 731 ||| RETREEEEATING.
   733 | D:2      | Reached XP level 3. HP: 18/20 MP: 5/5
   745 | D:2      | HP: 4/20 [hobgoblin[Robin] (3)]
   745 | D:2      | HP: 1/20 [goblin/+0 dagger[Robin] (3)]
   746 | D:2      | 746 ||| READING scroll of teleportation.
  1178 | D:2      | 1178 ||| UPGRADING to +0 pair of boots.
  1186 | D:2      | Noticed Jessica
  1196 | D:2      | Killed Jessica
  1197 | D:2      | Reached skill level 7 in Ranged Weapons
  1197 | D:2      | 1197 ||| READING 3 scrolls labelled ANGIFY RUNOUSAX.
  1197 | D:2      | 1197 ||| IDENTIFYING purple potion
  1198 | D:2      | 1198 ||| READING 2 scrolls of identify.
  1198 | D:2      | 1198 ||| IDENTIFYING clear potion
  1199 | D:2      | 1199 ||| READING scroll of identify.
  1199 | D:2      | 1199 ||| IDENTIFYING viscous ruby potion
  1200 | D:2      | 1200 ||| READING scroll labelled CAUJAU ZAGU.
  1201 | D:2      | 1201 ||| READING scroll labelled TEBRAO MIATROBB.
  1202 | D:2      | 1202 ||| DROPPING potion of degeneration.
  1214 | D:3      | 1214 ||| PLANNING SEWER
  1230 | D:3      | Reached XP level 4. HP: 24/25 MP: 6/6
  1336 | D:3      | 1336 ||| FLEEEEING.
  1337 | D:3      | 1337 ||| FLEEEEING.
  1338 | D:3      | 1338 ||| FLEEEEING.
  1339 | D:3      | 1339 ||| FLEEEEING.
  1340 | D:3      | 1340 ||| FLEEEEING.
  1342 | D:3      | 1342 ||| FLEEEEING.
  1343 | D:3      | 1343 ||| FLEEEEING.
  1345 | D:3      | 1345 ||| FLEEEEING.
  1346 | D:3      | 1346 ||| FLEEEEING.
  1347 | D:3      | 1347 ||| FLEEEEING.
  1419 | D:3      | Reached skill level 8 in Ranged Weapons
  1421 | D:3      | 1421 ||| FLEEEEING.
  1482 | D:3      | Reached XP level 5. HP: 17/29 MP: 7/7
  1490 | D:3      | HP: 7/29 [kobold/+0 club (3)]
  1491 | D:3      | 1491 ||| DRINKING potion of heal wounds.
  1498 | D:3      | Noticed Terence
  1518 | D:3      | HP: 6/29 [Terence/+0 trident (7)]
  1519 | D:3      | HP: 1/29 [Terence/+0 trident (6)]
  1520 | D:3      | Slain by Terence

Levels and vault maps discovered:
D:1:      dpeg_arrival_arbitrary_a, layout_rooms
D:2:      layout_basic, chequers_ecumenical_altar_simple, uniq_robin,
          uniq_jessica
D:3:      layout_rooms, portal_sewer_entry_a, uniq_terence

Skill      XL: |  1  2  3  4 |
---------------+-------------+-----
Ranged Weapons | 6 7 8 |  8.7
Fighting       | |  1.5
Dodging        | |  2.4
Stealth        | |  1.2

Action                     |  1- 3 |  4- 6 || total
---------------------------+-------+-------++-------
   Fire: Shortbow          |   117 |    74 ||   191
    Use: Scroll            |     8 |       ||     8
         Potion            |       |     1 ||     1
 Armour: Leather armour    |    31 |    38 ||    69
  Dodge: Dodged            |    27 |    44 ||    71

Table legend:
 A = Non-vault XP
 B = Vault XP
 C = Vault XP percentage of total XP
 D = Non-vault monster count
 E = Vault monster count
 F = Vault count percentage of total count
                 A         B        C        D         E       F
            +---------+---------+-------+---------+---------+-------
      Total |     181 |      58 |  24.3 |      50 |      12 |  19.4
            +---------+---------+-------+---------+---------+-------
        D:1 |      29 |       0 |   0.0 |      19 |       0 |   0.0
        D:2 |      16 |      51 |  76.1 |      11 |       8 |  42.1
        D:3 |     136 |       7 |   4.9 |      20 |       4 |  16.7
            +---------+---------+-------+---------+---------+-------
